 Dungeon Crawl Stone Soup version 0.32-a0-646-g91cf321817 (webtiles) character file.

Game seed: 8110981027757283243

687 GordonOverkill the Skirmisher (level 7, -1/41 HPs)
             Began as a Deep Elf Delver on Mar 8, 2024.
             Was an Initiate of Fedhas.
             Succumbed to a hornet's poison
             ... on level 5 of the Dungeon.
             The game lasted 00:08:52 (4746 turns).

GordonOverkill the Skirmisher (Deep Elf Delver)     Turns: 4746, Time: 00:08:53

Health: -1/41      AC:  6    Str:  8 (9)  XL:     7   Next: 35%
Magic:  9/9        EV: 12    Int: 14 (15) God:    Fedhas [......]
Gold:   294        SH:  0    Dex: 17 (18) Spells: 6/6 levels left

rFire   . . .        a - +0 longbow
rCold   . . .        (shield currently unavailable)
rNeg    . . .        m - +0 leather armour
rPois   .            v - +0 helmet
rElec   .            n - +0 cloak
rCorr   .            u - +0 pair of gloves
SInv    .            (no boots)
Will    .....        (no amulet)
Stlth   +++          (no ring)
HPRegen 0.26/turn    (no ring)
MPRegen 0.11/turn

%: no passive effects
@: lethally poisoned (-1 -> -19), hasted, very quick
A: no striking features
a: Renounce Religion


You were on level 5 of the Dungeon.
You worshipped Fedhas.
Fedhas was noncommittal.
You visited 2 branches of the dungeon, and saw 7 of its levels.

You collected 349 gold pieces.
You spent 55 gold pieces at shops.

Inventory:

Hand Weapons
 a - a +0 longbow (weapon)
 b - a +3 dagger
 x - a +3 hand axe of electrocution
Armour
 m - a +0 leather armour (worn)
 n - a +0 cloak (worn)
 u - a +0 pair of gloves (worn)
 v - a +0 helmet (worn)
Jewellery
 s - an amulet of reflection
 t - a +6 ring of strength
 y - a +4 ring of protection
Wands
 g - a wand of digging (1)
Scrolls
 c - a scroll of fog
 d - 2 scrolls of revelation
 h - 2 scrolls of immolation {unknown}
 l - 2 scrolls of amnesia {unknown}
 o - 2 scrolls of identify
 q - a scroll of enchant weapon {unknown}
 r - 4 scrolls of teleportation
Potions
 e - a potion of degeneration
 f - a potion of haste


   Skills:
 + Level 3.2 Fighting
 - Level 2.0 Short Blades
 - Level 10.0 Ranged Weapons
 - Level 2.4 Dodging
 - Level 6.0 Stealth


You had 6 spell levels left.
You didn't know any spells.
Your spell library contained the following spells:

 Spells                   Type           Power      Damage    Failure   Level
 Necrotise                Necr           0%         1d4       38%         1
 Static Discharge         Conj/Air       0%         3-3/arc   54%         2
 Sublimation of Blood     Necr           0%         N/A       54%         2
 Call Canine Familiar     Summ           0%         N/A       77%         3
 Hailstorm                Conj/Ice       0%         3d5       77%         3
 Sigil of Binding         Hex            0%         N/A       77%         3
 Summon Ice Beast         Ice/Summ       0%         N/A       77%         3
 Airstrike                Air            0%         2d(0-16)  99%         4
 Dimensional Bullseye     Hex/Tloc       0%         N/A       99%         4
 Summon Lightning Spire   Summ/Air       0%         N/A       99%         4
 Conjure Ball Lightning   Conj/Air       0%         3x3d6     100%        6
 Sculpt Simulacrum        Ice/Alch       0%         N/A       100%        6


Dungeon Overview and Level Annotations

Branches:
Dungeon (6/15)             Temple (1/1) D:4

Altars:
Cheibriados
Dithmenos
Elyvilon
Fedhas
Nemelex Xobeh
Qazlal
Sif Muna
Xom
Yredelemnul

Shops:
D:4 *

Annotations:
D:4 2 runed translucent doors, mertasd123's ghost, amateur VSGl


Message History

A hound comes into view.
You shoot an arrow. The arrow hits the hound.
The hound barks!
The hound is lightly wounded.
You hear a shout!
You shoot an arrow. The arrow barely misses the hound.
The hornet buzzes angrily.
You shoot an arrow.
The arrow hits the hound but does no damage.
The hound is lightly wounded.
You shoot an arrow. The arrow hits the hound!
The hound is severely wounded.
The hound bites you. x2
You shoot an arrow. The arrow hits the hound!
You kill the hound!
Fedhas appreciates your contribution to the ecosystem.
The hornet stings you!
* * * LOW HITPOINT WARNING * * *
You feel yourself slow down. The hornet closely misses you.
Okay, then.
You feel yourself speed up.
You feel yourself speed up. The hornet stings you!
* * * LOW HITPOINT WARNING * * *
You are poisoned.
You suddenly lose the ability to move!
The hornet stings you.
* * * LOW HITPOINT WARNING * * *
You are more poisoned.
You shrug off the repeated paralysis!
You can move again.
As you read the scroll of fear, it crumbles to dust.
You assume a fearsome visage.
The hornet looks frightened!
The orc looks frightened!
* * * LOW HITPOINT WARNING * * *
You feel very sick.
Okay, then.
* * * LOW HITPOINT WARNING * * *
You feel very sick.
You die...
Fedhas appreciates your contribution to the ecosystem.

..........# #.#
....<..o....##.#
# .... #..#.## #
#..# #..## #
#o.# #..## #..#
#.#..## #..#
#.###..####
#y.## #.#
###.... #@.###.#
##### #...###
###...# ##..##
##..# ########
#..# #.......
#.## ##.......
#.# #...#####
#.## #..##


You could see a hornet (fleeing) and an orc (fleeing).

Vanquished Creatures
  Eustachio (D:4)
  A phantom (D:4)
  A scorpion (D:4)
  A bombardier beetle (D:4)
  2 hounds
  An iguana (D:3)
  An orc wizard (D:3)
  Natasha (thrice) (D:2 D:1)
  Robin (D:3)
  4 gnolls (D:3)
  4 adders
  A white imp (D:4)
  A dart slug (D:1)
  2 ribbon worms
  5 orcs
  3 bats
  7 endoplasms
  4 giant cockroaches
  9 goblins
  16 hobgoblins
  10 jackals
  7 kobolds
  2 quokkas
  3 ball pythons
  6 frilled lizards
  9 rats
105 creatures vanquished.

Notes
Turn   | Place    | Note
-------+----------+-------------------------------------------
     0 | D:5      | GordonOverkill the Deep Elf Delver began the quest for the
                  | Orb.
     0 | D:5      | Reached XP level 1. HP: 13/13 MP: 3/3
     3 | D:6      | Noticed a hound
    29 | D:5      | Noticed a hornet
   129 | D:4      | Found a staircase to the Ecumenical Temple.
   138 | Temple   | Entered the Ecumenical Temple
   186 | D:3      | Noticed an iguana
   220 | D:3      | Reached skill level 1 in Ranged Weapons
   230 | D:3      | Reached skill level 2 in Ranged Weapons
   230 | D:3      | Reached XP level 2. HP: 18/18 MP: 4/4
   277 | D:2      | Reached skill level 3 in Ranged Weapons
   450 | D:2      | Noticed Natasha
   453 | D:2      | Killed Natasha
   454 | D:2      | Reached skill level 4 in Ranged Weapons
   454 | D:2      | Reached XP level 3. HP: 18/22 MP: 5/5
   480 | D:2      | Noticed Natasha
   826 | D:1      | Reached XP level 4. HP: 27/27 MP: 6/6
  1030 | D:1      | Reached skill level 5 in Ranged Weapons
  1484 | D:1      | Killed Natasha
  2237 | D:1      | Noticed Natasha
  2242 | D:1      | Killed Natasha
  2243 | D:1      | Reached skill level 6 in Ranged Weapons
  2457 | D:2      | Reached XP level 5. HP: 31/31 MP: 7/7
  2545 | D:2      | Identified the +0 chain mail of Beahu {Rampage rC+++ MP-9
                  | Dex-2}
  2678 | D:2      | Got the Folio of Nephomancy and Darkness
  2946 | D:3      | Reached skill level 7 in Ranged Weapons
  3205 | D:3      | Noticed Robin
  3217 | D:3      | Killed Robin
  3241 | D:3      | Reached XP level 6. HP: 35/36 MP: 8/8
  3783 | D:4      | Reached skill level 8 in Ranged Weapons
  4099 | D:4      | Reached skill level 9 in Ranged Weapons
  4163 | D:4      | Found a blossoming altar of Fedhas.
  4163 | D:4      | Noticed Eustachio
  4194 | D:4      | Killed Eustachio
  4195 | D:4      | Reached skill level 10 in Ranged Weapons
  4195 | D:4      | Reached XP level 7. HP: 6/40 MP: 9/9
  4197 | D:4      | Became a worshipper of Fedhas Madash
  4384 | D:4      | Found a basalt altar of Yredelemnul.
  4433 | D:4      | Found a shadowy altar of Dithmenos.
  4465 | D:4      | Found a large runed translucent door.
  4465 | D:4      | Found a large runed translucent door.
  4466 | D:4      | Noticed mertasd123's ghost (amateur VSGl)
  4475 | D:4      | Found Pibet's General Store.
  4483 | D:4      | Bought a scroll of teleportation for 33 gold pieces
  4483 | D:4      | Bought a scroll of identify for 22 gold pieces
  4743 | D:5      | Paralysed by a hornet for 1 turns
  4745 | D:5      | HP: 2/41 [poisoned by a hornet]
  4746 | D:5      | Succumbed to a hornet's poison

Illustrated notes

Levels and vault maps discovered:
D:1:      amcnicky_arrival_abandoned_market, layout_basic
D:2:      layout_rooms, minmay_pentomino_z4, uniq_natasha
D:3:      minmay_inner_zag, layout_loops_ring, uniq_robin
D:4:      layout_rooms, mainiacjoe_overflow_six_doors_small,
          mainiacjoe_overflow_surrounded_room, kennysheep_mini,
          minmay_temple_entry_statues_fountains, ebering_ghost_disaster_area,
          serial_shops, shop, uniq_eustachio
D:5:      layout_layer_cave, lemuel_tele_altar, gammafunk_ghost_necromancy,
          nicolae_ossuary_entry_ruins, uniq_blork_the_orc, uniq_prince_ribbit1
D:6:      layout_rooms, uniq_grinder
Temple:   nicolae_temple_ecumenical_triangle

Skill      XL: |  1  2  3  4  5  6  7 |
---------------+----------------------+-----
Ranged Weapons | 2 4 6 7 10 | 10.0
Fighting       | 3 |  3.2
Short Blades   | |  2.0
Dodging        | |  2.4
Stealth        | |  6.0

Action                     |  1- 3 |  4- 6 |  7- 9 || total
---------------------------+-------+-------+-------++-------
  Melee: Short sword       |     2 |       |       ||     2
         Dagger            |       |    21 |     1 ||    22
         Hand axe          |       |    32 |     2 ||    34
   Fire: Longbow           |    38 |   170 |    20 ||   228
  Evoke: Wand              |     2 |       |       ||     2
    Use: Scroll            |       |     1 |     1 ||     2
         Potion            |       |     8 |     1 ||     9
   Stab: Sleeping          |     2 |       |       ||     2
 Armour: Leather armour    |     7 |    72 |     7 ||    86
  Dodge: Dodged            |     3 |    59 |    10 ||    72

Table legend: (Time is in decaauts)
 A = Elapsed time spent in this place.
 B = Non-inter-level travel time spent in this place.
 C = Inter-level travel time spent in this place.
 D = Time resting spent in this place.
 E = Time spent auto-exploring this place.
 F = Levels seen in this place.
 G = Mean time per level.
                   A        B        C        D        E       F      G
               +--------+--------+--------+--------+--------+-----+--------+
         Total |   4820 |   4554 |    266 |    703 |   2972 |   7 |  688.6 |
       Dungeon |   4802 |   4543 |    259 |    703 |   2972 |   6 |  800.3 |
        Temple |     17 |     10 |      7 |      0 |      0 |   1 |   17.0 |
               +--------+--------+--------+--------+--------+-----+--------+

Top non-repeatable levels by time:
     D:1: 1960 daAuts
     D:3: 1144 daAuts
     D:4: 977 daAuts
     D:2: 573 daAuts
     D:5: 134 daAuts
  Temple: 17 daAuts
     D:6: 12 daAuts
